 Dungeon Crawl Stone Soup version 0.25.0-26-g0c896c7088 (webtiles) character file.

Game seed: 7447090126430349331

1438 Dickchan the Zephyrmancer (level 8, -1/41 HPs)
             Began as a Tengu Air Elementalist on July 3, 2020.
             Was an Initiate of Vehumet.
             Killed by miscasting Lightning Bolt (7 damage)
             ... on level 6 of the Dungeon.
             The game lasted 00:15:11 (7651 turns).

Dickchan the Zephyrmancer (Tengu Air Elementalist)  Turns: 7651, Time: 00:15:11

Health: -1/41      AC:  4    Str: 12 (13) XL:     8   Next: 74%
Magic:  1/12       EV: 15    Int: 18      God:    Vehumet [......]
Gold:   259        SH:  0    Dex: 13 (14) Spells: 5/11 levels left

rFire    . . .     SeeInvis .   z - +1 dagger (venom)
rCold    . . .     Gourm    .   (no shield)
rNeg     . . .     Faith    .   a - +0 robe
rPois    .         Spirit   .   (helmet restricted)
rElec    .         Reflect  .   p - +0 cloak
rCorr    .         Harm     .   k - +0 pair of gloves
MR       .....                  (boots unavailable)
Stlth    +.........             (no amulet)
HPRegen  0.13/turn              x - ring of Boonuub {Str+4 Stlth-}
MPRegen  0.13/turn              (no ring)

@: flying quickly and evasively, very slightly contaminated, quick
A: beak, talons 3, able to fly
a: Stop Flying, Renounce Religion


You were on level 6 of the Dungeon.
You worshipped Vehumet.
Vehumet was noncommittal.
You were not hungry.

You visited 2 branches of the dungeon, and saw 7 of its levels.

You collected 259 gold pieces.

Inventory:

Hand Weapons
 h - a +0 dagger
 l - a +0 flail of protection
 n - a +2 vorpal falchion
 z - a +1 dagger of venom (weapon)
Armour
 a - a +0 robe (worn)
 k - a +0 pair of gloves (worn)
 p - a +0 cloak (worn)
 q - a +2 pair of gloves
Jewellery
 x - the ring of Boonuub (left hand) {Str+4 Stlth-}
   (You found it on level 4 of the Dungeon)

   [ring of attention]

   It affects your strength (+4).
   It makes you less stealthy.
Scrolls
 e - 5 scrolls of identify {unknown}
 g - 4 scrolls of immolation {unknown}
Potions
 b - a potion of flight {unknown}
 f - 2 potions of mutation {unknown}
 m - a potion of berserk rage {unknown}
 s - 2 potions of curing
 t - a potion of heal wounds {unknown}
 v - a potion of might {unknown}
 w - 2 potions of lignification {unknown}
Comestibles
 c - 7 rations
 d - 2 chunks of flesh


   Skills:
 - Level 2.1 Dodging
 - Level 2.0 Stealth
 - Level 2.0 Spellcasting
 + Level 9.7 Conjurations
 + Level 10.4 Air Magic


You had 5 spell levels left.
You knew the following spells:

 Your Spells              Type           Power        Failure   Level  Hunger
a - Shock                 Conj/Air       ####         1%          1    #......
b - Lightning Bolt        Conj/Air       #####.....   8%          5    ######.

Your spell library contained the following spells:

 Spells                   Type           Power        Failure   Level  Hunger
 Static Discharge         Conj/Air       #####...     1%          3    ###....
 Airstrike                Air            #####.....   2%          4    #####..
 Swiftness                Chrm/Air       ###.....     3%          2    ###....


Dungeon Overview and Level Annotations

Branches:
Dungeon (6/15)             Temple (1/1) D:5

Altars:
Gozag
Hepliaklqana
Okawaru
Ru
Sif Muna
Trog
Uskayaw
Vehumet
Wu Jian
Xom
Yredelemnul
Zin
The Shining One


Innate Abilities, Weirdness & Mutations

You have a beak for a mouth.
You have claws for feet.
You can fly continuously.


Message History

The bullfrog hits you!
* * * LOW HITPOINT WARNING * * *
Casting: Shock (safe; 1% risk of failure)
Confirm with . or Enter, or press ? or * to list all spells.
Aiming: Shock (safe; 1% risk of failure)
Press: ? - help, Shift-Dir - straight line, f/p - bullfrog
Aim: a bullfrog (moderately wounded)
The zap hits the bullfrog!
The bullfrog is heavily wounded.
The bullfrog closely misses you. The bullfrog misses you.
Casting: Shock (safe; 1% risk of failure)
Confirm with . or Enter, or press ? or * to list all spells.
The spell is quite dangerous to cast (8% risk of failure)!
Continue anyway?
Aiming: Lightning Bolt (quite dangerous; 8% risk of failure)
Press: ? - help, Shift-Dir - straight line, f/p - bullfrog
Aim: a bullfrog (heavily wounded)
You miscast Lightning Bolt.
You are very lightly contaminated with residual magic.
You are caught in a violent explosion!
You die...

#......... #####.####.###
#######.....# #.# #
###.....#.##### #.# #
#...(##....# #.# #
#..†<......# #.# #
#...####...# #.# #
#..........# #.# #
#....@[###### #.# #
#.#...F.....# ##.###
#.#.##...##.# #.....
#.#.####.##.# #.....
#####.#.#..#.##.#####)..##
#.....#.#..#..[>........#_
#.#####.#..#..#..####...##
#.#####.#...).#...........
#.#.....#.###.#...........


You could see a bullfrog.

Vanquished Creatures
  Maggie (D:6)
  2 ice beasts
  A phantom (D:5)
  3 scorpions
  A crimson imp (D:5)
  4 orc wizards
  An iguana (D:6)
  Natasha (thrice) (D:2)
  4 worker ants
  A worker ant zombie (D:6)
  Robin (D:3)
  12 adders
  11 gnolls
  A shadow imp (D:6)
  2 worms
  2 dart slugs (D:3)
  4 leopard geckos
  27 orcs
  3 ball pythons
  7 bats
  4 giant cockroaches
  17 goblins
  7 hobgoblins
  15 jackals
  2 frilled lizards (D:2)
  5 kobolds
  A leopard gecko skeleton (D:5)
  3 rats
145 creatures vanquished.

Notes
Turn   | Place    | Note
-------+----------+-------------------------------------------
     0 | D:1      | Dickchan the Tengu Air Elementalist began the quest for the
                  | Orb.
     0 | D:1      | Reached XP level 1. HP: 10/10 MP: 4/4
   380 | D:1      | Reached XP level 2. HP: 15/15 MP: 6/6
   932 | D:2      | Found a faded altar of an unknown god.
  1380 | D:2      | Reached XP level 3. HP: 19/19 MP: 4/7
  1382 | D:2      | Reached skill level 5 in Air Magic
  1466 | D:2      | Reached XP level 4. HP: 24/24 MP: 5/8
  2205 | D:2      | Noticed Natasha
  2209 | D:2      | Killed Natasha
  2209 | D:2      | Gained mutation: You can fly continuously. [Tengu growth]
  2209 | D:2      | Reached XP level 5. HP: 27/28 MP: 4/9
  2319 | D:2      | Reached skill level 6 in Air Magic
  2415 | D:2      | Noticed Natasha
  2422 | D:2      | Killed Natasha
  2422 | D:2      | Reached skill level 5 in Conjurations
  2492 | D:2      | Noticed Natasha
  2500 | D:2      | Killed Natasha
  2727 | D:2      | Reached XP level 6. HP: 32/32 MP: 6/10
  3111 | D:3      | Reached skill level 7 in Air Magic
  3173 | D:3      | Noticed Robin
  3198 | D:3      | Killed Robin
  4186 | D:4      | Reached XP level 7. HP: 17/36 MP: 7/11
  4578 | D:4      | Got a slimy wooden ring
  4634 | D:4      | Reached skill level 8 in Air Magic
  4949 | D:5      | Entered Level 5 of the Dungeon
  5569 | D:5      | Reached skill level 9 in Air Magic
  5709 | D:5      | Reached XP level 8. HP: 34/41 MP: 7/12
  5772 | D:5      | Found a staircase to the Ecumenical Temple.
  5783 | Temple   | Entered the Ecumenical Temple
  5813 | Temple   | Became a worshipper of Vehumet
  6208 | D:6      | Found a bloodstained altar of Trog.
  6217 | D:6      | Learned a level 5 spell: Lightning Bolt
  6258 | D:6      | Noticed Maggie
  7124 | D:6      | Identified the ring of Boonuub {Str+4 Stlth-} (You found it
                  | on level 4 of the Dungeon)
  7442 | D:6      | Killed Maggie
  7442 | D:6      | Reached skill level 10 in Air Magic
  7651 | D:6      | Killed by miscasting Lightning Bolt

Illustrated notes

Levels and vault maps discovered:
D:1:      noname_arrival_rooms_in_the_neighbourhood, layout_basic,
          chequers_serial_rivers_micro_d
D:2:      layout_basic, chequers_ecumenical_altar_simple_redux, uniq_natasha
D:3:      layout_basic, minmay_misc_feat_rows, kennysheep_generic_room_10,
          uniq_robin
D:4:      layout_rooms, serial_forest, infiniplex_forest_clump_medium,
          infiniplex_forest_clump_large, infiniplex_forest_diagonal,
          infiniplex_forest_lined_corner, infiniplex_forest_3_way,
          infiniplex_forest_lined_2, infiniplex_forest_diagonal, first_ration
D:5:      layout_rooms, minmay_temple_entry_ruins
D:6:      layout_basic, kennysheep_mini_moat, chequers_serial_rivers_marsh,
          uniq_maggie
Temple:   compressed_dpeg_circular_temple

Skill      XL: |  1  2  3  4  5  6  7  8 |
---------------+-------------------------+-----
Conjurations   | 2 3 4 5 6 8 9 |  9.7
Air Magic      | 5 6 7 9 10 | 10.4
Dodging        | |  2.1
Stealth        | |  2.0
Spellcasting   | |  2.0

Action                   |  1- 3 |  4- 6 |  7- 9 || total
-------------------------+-------+-------+-------++-------
Melee: Unarmed           |     5 |       |       ||     5
       Kick              |     8 |     3 |     4 ||    15
       Peck              |     5 |     3 |     6 ||    14
       Dagger            |    38 |     1 |     4 ||    43
       Falchion          |       |    13 |    27 ||    40
 Cast: Shock             |    30 |   134 |   134 ||   298
       Lightning Bolt    |       |       |     2 ||     2
 Abil: Fly               |       |     1 |       ||     1
  Use: Scroll            |       |       |     5 ||     5
       Potion            |       |       |     4 ||     4
 Stab: Sleeping          |     1 |     3 |       ||     4
  Eat: Chunk             |     2 |     9 |    14 ||    25
Armor: Robe              |    15 |     9 |    15 ||    39
Dodge: Dodged            |    68 |    36 |    47 ||   151
       Rpst.: Falchion   |       |     6 |    12 ||    18
